 Dungeon Crawl Stone Soup version 0.23-a0-451-g1044d4c (webtiles) character file.

9296 wilfster70 the Slinger (level 11, -12/81 HPs)
             Began as a Halfling Warper on Nov 23, 2018.
             Was a High Priest of Okawaru.
             Mangled by a white ugly thing (17 damage)
             ... on level 11 of the Dungeon.
             The game lasted 00:48:41 (16502 turns).

wilfster70 the Slinger (Halfling Warper)           Turns: 16502, Time: 00:48:43

Health: -12/81     AC: 18    Str: 12    XL:     11   Next: 71%
Magic:  19/20      EV: 21    Int: 14    God:    Okawaru [*****.]
Gold:   544        SH:  0    Dex: 15    Spells: 14/22 levels left

rFire    . . .     SeeInvis .   b - +1 short sword (protect)
rCold    . . .     Gourm    +   (shield restricted)
rNeg     . . .     Faith    .   C - +3 leather armour
rPois    .         Spirit   .   n - +1 helmet
rElec    .         Reflect  .   l - +0 cloak
rCorr    .         Harm     .   (no gloves)
MR       .....                  q - +0 pair of boots
Stlth    +++.......             x - amulet of the gourmand
HPRegen  0.23/turn              p - +4 ring of slaying
MPRegen  0.17/turn              o - +2 ring of evasion

@: heroism, protection aura
A: small, mutation resistance 1
a: Heroism, Finesse, Renounce Religion


You were on level 11 of the Dungeon.
You worshipped Okawaru.
Okawaru was extremely pleased with you.
You were completely stuffed.

You visited 2 branches of the dungeon, and saw 12 of its levels.
You also visited: Sewer and Ossuary.

You collected 544 gold pieces.

Inventory:

Hand Weapons
 a - a +3 hunting sling
 b - a +1 short sword of protection (weapon)
 K - the +5 mace "Cafutz" {speed, +Inv rF+}
   (You found it on level 11 of the Dungeon)

   Attacks with this weapon are significantly faster.
   It protects you from fire.
   It lets you turn invisible.
Missiles
 e - 2 tomahawks of dispersal
 i - 301 stones
 s - 127 sling bullets
 B - 20 tomahawks (quivered)
Armour
 l - a +0 cloak (worn)
 n - a +1 helmet (worn)
 q - a +0 pair of boots (worn)
 C - a +3 leather armour (worn)
Jewellery
 m - an uncursed ring of ice
 o - a +2 ring of evasion (right hand)
 p - a +4 ring of slaying (left hand)
 x - an amulet of the gourmand (around neck)
 y - an uncursed ring of flight
 I - an uncursed ring of resist corrosion
Wands
 d - a wand of flame (10)
 L - a wand of disintegration (3)
Scrolls
 h - 3 scrolls of fog
 k - 8 scrolls of remove curse
 z - 4 scrolls of magic mapping
 E - 4 scrolls of immolation
 H - 2 scrolls of teleportation
Potions
 c - a potion of magic
 g - 3 potions of curing
 j - 3 potions of cancellation
 r - 2 potions of agility {unknown}
 t - 4 potions of heal wounds
 u - a potion of flight {unknown}
 v - a potion of berserk rage {unknown}
 w - a potion of haste {unknown}
 D - 2 potions of mutation
 G - a potion of might
 J - a potion of ambrosia {unknown}
Comestibles
 f - 20 rations
 A - 8 chunks of flesh


   Skills:
 + Level 9.9(14.9) Fighting
 - Level 6.8(11.8) Short Blades
 * Level 11.1(16.2) Slings
 - Level 1.2(10.1) Throwing
 - Level 1.1(6.1) Armour
 - Level 2.1(7.1) Dodging
 - Level 6.0 Spellcasting
 + Level 3.7 Charms
 + Level 3.7 Translocations
 - Level 6.0 Invocations


You had 14 spell levels left.
You knew the following spells:

 Your Spells              Type           Power        Failure   Level  Hunger
a - Shroud of Golubria    Chrm/Tloc      ##........   6%          2    #......
b - Passage of Golubria   Tloc           N/A          38%         4    ####...
g - Blink                 Tloc           N/A          6%          2    #......

Your spell library contained the following spells:

 Spells                   Type           Power        Failure   Level  Hunger
 Infusion                 Chrm           ##..         4%          1    None
 Song of Slaying          Chrm           ##......     6%          2    #......
 Gell's Gravitas          Tloc           ##........   12%         3    ###....
 Lesser Beckoning         Tloc           ##........   12%         3    ###....
 Teleport Other           Tloc           ##......     12%         3    ###....
 Confusing Touch          Hex            #.....       19%         1    None
 Regeneration             Chrm/Necr      #.........   26%         3    ###....
 Spectral Weapon          Hex/Chrm       #.......     26%         3    ###....
 Confuse                  Hex            #.......     50%         3    ###....
 Petrify                  Tmut/Erth      #.......     88%         4    ####...
 Metabolic Englaciation   Hex/Ice        #.........   99%         5    ######.
 Yara's Violent Unravell  Hex/Tmut       #.........   99%         5    ######.


Dungeon Overview and Level Annotations

Branches:
Dungeon (11/15)            Temple (1/1) D:6
   Lair: D:8-11         Orc: D:9-12

Altars:
Ashenzari
Dithmenos
Fedhas
Kikubaaqudgha
Makhleb
Okawaru
Qazlal
Uskayaw
Vehumet
Wu Jian

Shops:
D:5 :

Annotations:
D:7 1 runed door, MisterFreud's ghost, novice OpGl


Innate Abilities, Weirdness & Mutations

You are small and have problems with some larger weapons.
You are somewhat resistant to further mutation.


Message History

The white ugly thing barely misses you.
You puncture the white ugly thing!
The white ugly thing is moderately wounded.
You closely miss the white ugly thing.
The white ugly thing is moderately wounded.
The white ugly thing completely misses you.
You closely miss the white ugly thing.
The white ugly thing is moderately wounded.
You hit the white ugly thing.
The white ugly thing is moderately wounded.
The white ugly thing bites you. The white ugly thing freezes you!!
* * * LOW HITPOINT WARNING * * *
You puncture the white ugly thing!
The white ugly thing is heavily wounded.
You hit the white ugly thing.
The white ugly thing is heavily wounded.
The white ugly thing bites you!
* * * LOW HITPOINT WARNING * * *
The white ugly thing freezes you!
You die...

.................................
#############'#################..
.....##...................... #..
.....##............<........ #..
.....##############.).##..# #.#
.....#............#...##..# #..
.....#............'.......# #..
.....#.#..........#.......# #.#
....<#.#.......u@.#.......# #.#
.....#............######### #..
.....#..).........# #..
....)#.....######## #..
....)#..##.# #.. .....'u.##.# #..
....(#.....# #.. ((.(.####### #..
..#### #..


You could see a white ugly thing.

Vanquished Creatures
  Maurice (D:9)
  2 gargoyles
  A troll (D:9)
  5 hippogriffs
  2 dream sheep (D:9)
  A wraith (D:10)
  14 yaks
  A wyvern (D:9)
  4 orc warriors
  An ice beast (D:8)
  3 sky beasts
  A phantom (D:8)
  2 black bears (D:8)
  6 ogres
  A centaur (D:7)
  2 crocodiles
  2 big kobolds (D:9)
  3 bullfrogs
  2 gnoll sergeants
  A scorpion (D:10)
  19 killer bees
  A water moccasin skeleton (D:5)
  4 howler monkeys
  A bullfrog zombie (D:7)
  3 centaur zombies
  A jelly (D:9)
  A bullfrog skeleton (D:8)
  A centaur skeleton (D:11)
  2 orc priests (D:11)
  10 hounds
  3 orc wizards
  2 iguanas
  7 worker ants
  A killer bee zombie (D:7)
  5 mummies (Ossuary)
  A worker ant zombie (D:11)
  7 gnolls
  A howler monkey skeleton (D:4)
  15 adders
  A shadow imp (D:9)
  2 oozes
  An adder skeleton (D:5)
  3 worms (D:4)
  7 dart slugs
  6 leopard geckos
  24 orcs
  6 ball pythons
  12 giant cockroaches
  3 goblins (D:1)
  6 hobgoblins
  16 jackals
  3 quokkas
  13 bats
  9 frilled lizards
  4 gnoll zombies (Ossuary)
  2 hobgoblin zombies (Ossuary)
  A jackal skeleton (D:8)
  17 kobolds
  A leopard gecko skeleton (D:8)
  A quokka skeleton (D:5)
  10 rats
  3 plants (Sewer)
291 creatures vanquished.

Vanquished Creatures (others)
  A plant (Sewer)
1 creature vanquished.

Grand Total: 292 creatures vanquished

Notes
Turn   | Place    | Note
-------+----------+-------------------------------------------
     0 | D:1      | wilfster70 the Halfling Warper began the quest for the Orb.
     0 | D:1      | Reached XP level 1. HP: 14/14 MP: 3/3
    38 | D:1      | Reached XP level 2. HP: 16/19 MP: 4/4
   129 | D:1      | Learned a level 2 spell: Blink
   132 | D:1      | Learned a level 2 spell: Shroud of Golubria
   489 | D:1      | Reached XP level 3. HP: 13/24 MP: 5/5
  1249 | D:2      | Reached XP level 4. HP: 30/30 MP: 6/6
  1767 | D:2      | Reached XP level 5. HP: 34/35 MP: 7/7
  1799 | D:2      | Found a blossoming altar of Fedhas.
  2240 | D:2      | Reached skill level 5 in Short Blades
  2754 | D:3      | Found a glowing drain.
  2758 | Sewer    | Entered a sewer
  3325 | Sewer    | Reached XP level 6. HP: 41/42 MP: 8/8
  3336 | Sewer    | Learned a level 4 spell: Passage of Golubria
  3901 | D:3      | Found a shattered altar of Ashenzari.
  4977 | D:5      | Entered Level 5 of the Dungeon
  4982 | D:5      | Reached XP level 7. HP: 46/47 MP: 9/9
  5175 | D:5      | Found Sequonil's Book Emporium.
  5509 | D:6      | Found a staircase to the Ecumenical Temple.
  5548 | Temple   | Entered the Ecumenical Temple
  5553 | Temple   | Became a worshipper of Warmaster Okawaru
  6207 | D:6      | Reached skill level 5 in Fighting
  6207 | D:6      | Reached XP level 8. HP: 52/55 MP: 12/12
  6552 | D:7      | Reached * piety under Okawaru
  6725 | D:7      | Reached skill level 1 in Invocations
  6933 | D:7      | Found a runed door.
  6933 | D:7      | Noticed MisterFreud's ghost (novice OpGl)
  6988 | D:7      | Noticed a hippogriff
  7053 | D:7      | Killed a hippogriff
  7053 | D:7      | Reached ** piety under Okawaru
  7053 | D:7      | Reached XP level 9. HP: 16/62 MP: 15/15
  8016 | D:8      | Found a sand-covered staircase.
  8026 | Ossuary  | Entered an ossuary
  8406 | D:8      | Reached skill level 5 in Spellcasting
  8444 | D:8      | Reached *** piety under Okawaru
  8444 | D:8      | Reached skill level 5 in Invocations
  8774 | D:7      | Found an ancient bone altar of Kikubaaqudgha.
  8850 | D:8      | HP: 3/64 [ogre/+0 giant club (9)]
  9191 | D:8      | Noticed a hippogriff
  9209 | D:8      | Killed a hippogriff
  9215 | D:8      | Reached XP level 10. HP: 41/71 MP: 15/18
 10603 | D:9      | Reached skill level 1 in Charms
 10846 | D:9      | Found a hide-covered altar of Uskayaw.
 10846 | D:9      | Noticed a two-headed ogre
 11123 | D:8      | HP: 3/72 [poisoned by a killer bee]
 11131 | D:8      | HP: 3/72 [poisoned by a killer bee]
 11138 | D:7      | HP: 3/72 [poisoned by a killer bee]
 12221 | D:9      | Noticed Maurice
 12320 | D:9      | Killed Maurice
 12320 | D:9      | Reached **** piety under Okawaru
 12320 | D:9      | Reached skill level 2 in Slings
 12457 | D:9      | Found a shadowy altar of Dithmenos.
 12458 | D:9      | Found a blossoming altar of Fedhas.
 12459 | D:9      | Found a radiant altar of Vehumet.
 12459 | D:9      | Found a stormy altar of Qazlal.
 12459 | D:9      | Found an ornate altar of the Wu Jian Council.
 12495 | D:9      | Reached skill level 3 in Slings
 12507 | D:9      | Reached skill level 4 in Slings
 12524 | D:9      | Reached skill level 5 in Slings
 12562 | D:9      | Reached skill level 6 in Slings
 12564 | D:9      | Received a gift from Okawaru
 12572 | D:9      | Reached XP level 11. HP: 53/80 MP: 17/20
 12586 | D:9      | Reached skill level 7 in Slings
 12911 | D:10     | Entered Level 10 of the Dungeon
 12985 | D:10     | Reached skill level 8 in Slings
 13187 | D:10     | Received a gift from Okawaru
 13222 | D:10     | Reached skill level 9 in Slings
 13910 | D:9      | Reached ***** piety under Okawaru
 14192 | D:9      | Reached skill level 10 in Slings
 14298 | D:10     | Noticed a three-headed hydra
 14958 | D:11     | Got a faintly glowing mace
 14959 | D:11     | Identified the +5 mace "Cafutz" {speed, +Inv rF+} (You
                  | found it on level 11 of the Dungeon)
 16012 | D:11     | Reached skill level 11 in Slings
 16238 | D:11     | Noticed a white ugly thing
 16358 | D:10     | Received a gift from Okawaru
 16502 | D:11     | Mangled by a white ugly thing

Vault maps used:
D:1:      mrwooster_arrival_statue
D:2:      minmay_recursive_quarters, fedhas_altar_2
D:3:      gup_sewer_entry_bowl, ashenzari_altar_1
D:4:      first_ration, nicolae_underground_beach
D:5:      serial_shops, kennysheep_mini, grunt_decor_mini_mirrors
D:6:      minmay_temple_entry_statues_fountains, amethyst_killhole
D:7:      lemuel_upstairs_altar, hellmonk_ghost_happy_afterlife
D:8:      lightli_ossuary_entry_decrepit_ruins, minmay_starry_boxes
D:9:      grunt_temple_overflow_open, uniq_maurice
D:10:     hangedman_ranch, minmay_between
D:11:     david_lair_generic, minmay_orc_keep
Temple:   nicolae_temple_elliptical
Sewer:    sewer_co_scattered_pipes
Ossuary:  ossuary_crypta

Skill      XL: |  1  2  3  4  5  6  7  8  9 10 11 |
---------------+----------------------------------+-----
Fighting       | 2 3 5 6 7 9 |  9.9
Short Blades   | 3 4 5 6 |  6.8
Spellcasting   | 3 4 5 6 |  6.0
Invocations    | 3 5 6 |  6.0
Charms         | 3 |  3.7
Slings         | 6 11 | 11.1
Throwing       | |  1.2
Armour         | |  1.1
Dodging        | |  2.1
Translocations | |  3.7

Action                   |  1- 3 |  4- 6 |  7- 9 | 10-12 || total
-------------------------+-------+-------+-------+-------++-------
Melee: Short sword       |   141 |   458 |   475 |   741 ||  1815
       Punch             |       |       |       |     7 ||     7
 Fire: Hunting sling     |       |       |       |    71 ||    71
Throw: Tomahawk          |       |       |     6 |       ||     6
 Cast: Blink             |       |     1 |       |     6 ||     7
Invok: Heroism           |       |       |     2 |     5 ||     7
Evoke: Wand              |       |       |       |     3 ||     3
  Use: Scroll            |       |     7 |     5 |    13 ||    25
       Potion            |       |       |     3 |     6 ||     9
 Stab: Sleeping          |     1 |       |       |       ||     1
  Eat: Chunk             |     1 |    32 |    12 |    30 ||    75
Armor: Leather armour    |    41 |    71 |   106 |   139 ||   357
       Skin              |       |       |       |   177 ||   177
Dodge: Dodged            |   145 |   209 |   315 |   490 ||  1159

Table legend:
 A = Non-vault XP
 B = Vault XP
 C = Vault XP percentage of total XP
 D = Non-vault monster count
 E = Vault monster count
 F = Vault count percentage of total count
                 A         B        C        D         E       F
            +---------+---------+-------+---------+---------+-------
      Total |   10465 |    2816 |  21.2 |     226 |      62 |  21.5
            +---------+---------+-------+---------+---------+-------
        D:1 |      63 |       0 |   0.0 |      32 |       0 |   0.0
        D:2 |      54 |      34 |  38.6 |      22 |       6 |  21.4
        D:3 |     109 |       7 |   6.0 |      27 |       4 |  12.9
        D:4 |     175 |       0 |   0.0 |      11 |       0 |   0.0
        D:5 |     142 |       0 |   0.0 |       5 |       0 |   0.0
        D:6 |     486 |       0 |   0.0 |      17 |       0 |   0.0
        D:7 |    1128 |       0 |   0.0 |      23 |       0 |   0.0
        D:8 |    2578 |     176 |   6.4 |      36 |       4 |  10.0
        D:9 |    2936 |    1562 |  34.7 |      24 |       7 |  22.6
       D:10 |    1140 |     566 |  33.2 |      15 |       5 |  25.0
       D:11 |    1654 |     221 |  11.8 |      14 |       4 |  22.2
      Sewer |       0 |      62 | 100.0 |       0 |      19 | 100.0
    Ossuary |       0 |     188 | 100.0 |       0 |      13 | 100.0
            +---------+---------+-------+---------+---------+-------
